 Dungeon Crawl Stone Soup version 0.27-a0-1193-g8631133539 (webtiles) character file.

Game seed: 12849082390555364226

2038 Delamore the Basher (level 9, -2/54 HPs)
             Began as a Gargoyle Monk on May 26, 2021.
             Was an Elder of Okawaru.
             Slain by a troll (7 damage)
             ... on level 6 of the Dungeon.
             The game lasted 00:09:55 (8749 turns).

Delamore the Basher (Gargoyle Monk)                 Turns: 8749, Time: 00:09:55

Health: -2/54      AC: 15    Str: 17    XL:     9   Next: 24%
Magic:  7/9        EV: 14    Int:  8    God:    Okawaru [****..]
Gold:   300        SH:  0    Dex: 12    Spells: 8/8 levels left

rFire    . . .     SeeInvis +   a - +0 mace
rCold    . . .     Faith    +   (no shield)
rNeg     + . .     Spirit   .   s - +2 leather armour "Fyent" {rCorr Int-4 SInv Stlth+}
rPois    ∞         Reflect  .   (no helmet)
rElec    +         Harm     .   A - +0 cloak
rCorr    +         Rampage  .   d - +0 pair of gloves
Will     .....                  f - +0 pair of boots
Stlth    ++++......             h - amulet of faith
HPRegen  0.18/turn              (no ring)
MPRegen  0.11/turn              (no ring)

@: heroic
A: sickness immunity, AC +6, negative energy resistance 1, electricity
resistance, torment resistance 1, petrification resistance
a: Renounce Religion, Heroism


You were on level 6 of the Dungeon.
You worshipped Okawaru.
Okawaru was greatly pleased with you.
You visited 2 branches of the dungeon, and saw 7 of its levels.

You collected 300 gold pieces.

Inventory:

Hand Weapons
 a - a +0 mace (weapon)
Armour
 d - a +0 pair of gloves (worn)
 f - a +0 pair of boots (worn)
 k - a +0 tower shield
 q - a +0 troll leather armour {Purgy}
 s - the +2 leather armour "Fyent" (worn) {rCorr Int-4 SInv Stlth+}
   (You found it on level 4 of the Dungeon)

   It affects your intelligence (-4).
   It lets you see invisible.
   It protects you from acid and corrosion.
   It makes you more stealthy.
 A - a +0 cloak (worn)
 B - a +2 ring mail of fire resistance
Jewellery
 h - an amulet of faith (around neck)
Wands
 l - a wand of polymorph (9)
 m - a wand of charming (7)
Scrolls
 c - a scroll of teleportation {unknown}
 g - a scroll of vulnerability {unknown}
 j - 2 scrolls of amnesia
 p - 3 scrolls of identify {unknown}
 t - 2 scrolls of blinking
 v - 2 scrolls of noise {unknown}
 w - a scroll of immolation {unknown}
 y - a scroll of holy word {unknown}
Potions
 b - a potion of mutation {unknown}
 e - a potion of berserk rage {unknown}
 i - 2 potions of lignification {unknown}
 n - 2 potions of resistance {unknown}
 o - 3 potions of curing {unknown}
 r - 3 potions of heal wounds {unknown}
 u - 4 potions of flight {unknown}
 x - a potion of might {unknown}
 z - 2 potions of attraction {unknown}


   Skills:
 - Level 5.0(10.0) Fighting
 * Level 11.5(16.5) Maces & Flails
 - Level 2.4(7.4) Dodging
 - Level 2.1(7.1) Stealth


You had 8 spell levels left.
You didn't know any spells.
Your spell library was empty.

Dungeon Overview and Level Annotations

Branches:
Dungeon (6/15)             Temple (1/1) D:5

Altars:
Cheibriados
Dithmenos
Elyvilon
Hepliaklqana
Kikubaaqudgha
Nemelex Xobeh
Okawaru
Sif Muna
Trog
Uskayaw
Wu Jian
Xom
Yredelemnul
Zin
The Shining One


Innate Abilities, Weirdness & Mutations

You are immune to sickness and miasma.
Your stone body is resilient. (AC +6)
You are immune to poison.
You resist negative energy. (rN+)
You are resistant to electric shocks. (rElec)
You are resistant to unholy torment.
You are immune to petrification.


Message History

The troll is heavily wounded.
The troll bites you but does no damage. The troll barely misses you.
The troll claws you.
You sock the troll!
The troll is severely wounded.
The troll bites you. The troll claws you.
The troll claws you but does no damage.
You hit the troll.
The troll is severely wounded.
The troll bites you but does no damage. The troll claws you! x2
You hit the troll but do no damage.
The troll is severely wounded.
You barely miss the troll.
The troll is severely wounded.
The troll bites you but does no damage. The troll claws you!
The troll claws you but does no damage.
You gain the combat prowess of a mighty hero.
The troll bites you.
* * * LOW HITPOINT WARNING * * *
The troll claws you but does no damage. The troll barely misses you.
You hit the troll.
The troll is severely wounded.
The troll barely misses you. The troll misses you. The troll claws you.
* * * LOW HITPOINT WARNING * * *
You hit the troll.
The troll is severely wounded.
The troll closely misses you. The troll misses you.
The troll barely misses you.
You closely miss the troll.
The troll is severely wounded.
You barely miss the troll.
The troll is severely wounded.
The troll misses you. The troll barely misses you. The troll claws you.
* * * LOW HITPOINT WARNING * * *
You sock the troll!
The troll is almost dead.
The troll bites you.
* * * LOW HITPOINT WARNING * * *
The troll claws you!
You die...

...# #..# #.#.#.# ...#
#..####### #.#.#.#
...# #.........
#.#.#.# ...#
##.####### #.#.#.#
...######.# #.#.#.#
.>.....>..# #.....#
...######## #.#####
...# #########.#.#
...#######......@T.#.#
#...........###.####.#
########## ##.###.#
#.....# #.##### #.##
..# ###


You could see a troll.

Vanquished Creatures
  Sigmund (D:2)
  Menkaure (D:6)
  Duvessa (D:6)
  A water moccasin (D:6)
  2 ice beasts
  Purgy (D:4)
  A sky beast (D:4)
  3 necrophages (D:5)
  An ogre (D:5)
  A phantom (D:5)
  A bullfrog (D:4)
  Blork the orc (D:6)
  2 scorpions
  Dowan (D:6)
  2 hounds (D:5)
  A jelly (D:1)
  A bullfrog skeleton (D:5)
  A centaur skeleton (D:5)
  An orc priest (D:5)
  An iguana (D:3)
  3 orc wizards
  A scorpion zombie (D:5)
  4 adders
  A shadow imp (D:6)
  A white imp (D:5)
  2 ufetubi
  A worm (D:1)
  2 dart slugs
  9 orcs
  3 ball pythons
  6 bats
  10 endoplasms
  7 giant cockroaches
  5 goblins
  6 hobgoblins
  9 jackals
  3 kobolds
  3 quokkas
  2 frilled lizards (D:1)
  6 rats
109 creatures vanquished.

Notes
Turn   | Place    | Note
-------+----------+-------------------------------------------
     0 | D:1      | Delamore the Gargoyle Monk began the quest for the Orb.
     0 | D:1      | Reached XP level 1. HP: 14/14 MP: 1/1
     1 | D:1      | Found a runed translucent door.
     4 | D:1      | Noticed a jelly
   363 | D:1      | Reached XP level 2. HP: 19/19 MP: 2/2
   591 | D:1      | Found a faded altar of an unknown god.
  1136 | D:2      | Reached XP level 3. HP: 18/24 MP: 3/3
  1483 | D:2      | Reached skill level 4 in Maces & Flails
  1962 | D:2      | Noticed Sigmund
  2116 | D:3      | Found a shadowy altar of Dithmenos.
  2276 | D:3      | Reached XP level 4. HP: 29/29 MP: 4/4
  2433 | D:3      | Found a basalt altar of Yredelemnul.
  2488 | D:3      | Found a hide-covered altar of Uskayaw.
  2488 | D:3      | Found a hazy altar of Hepliaklqana.
  2872 | D:3      | Found a white marble altar of Elyvilon.
  3300 | D:4      | Noticed a sky beast
  3339 | D:4      | Noticed Purgy
  3781 | D:4      | Killed a sky beast
  3782 | D:4      | Reached skill level 5 in Maces & Flails
  3782 | D:4      | Reached XP level 5. HP: 34/34 MP: 5/5
  3865 | D:4      | Reached skill level 5 in Fighting
  3865 | D:4      | Reached XP level 6. HP: 23/40 MP: 6/6
  4197 | D:1      | Reached skill level 6 in Maces & Flails
  4708 | D:2      | Killed Sigmund
  4709 | D:2      | Reached skill level 7 in Maces & Flails
  4709 | D:2      | Reached XP level 7. HP: 21/44 MP: 7/7
  4987 | D:4      | Killed Purgy
  5404 | D:4      | Identified the +2 leather armour "Fyent" {rCorr Int-4 SInv
                  | Stlth+}
  5404 | D:4      | Noticed an angel
  5405 | D:4      | Found a glowing silver altar of Zin.
  5410 | D:4      | Found a shimmering altar of Xom.
  5856 | D:5      | Entered Level 5 of the Dungeon
  5866 | D:5      | Found a staircase to the Ecumenical Temple.
  5877 | Temple   | Entered the Ecumenical Temple
  5916 | Temple   | Became a worshipper of Warmaster Okawaru
  5916 | Temple   | Reached * piety under Okawaru
  5916 | Temple   | Reached ** piety under Okawaru
  5948 | D:5      | Reached skill level 8 in Maces & Flails
  6313 | D:5      | Reached XP level 8. HP: 47/49 MP: 8/8
  6413 | D:5      | Reached skill level 9 in Maces & Flails
  6662 | D:5      | Noticed a troll
  6931 | D:5      | Reached *** piety under Okawaru
  7050 | D:5      | Reached skill level 10 in Maces & Flails
  7258 | D:5      | Found a white marble altar of Elyvilon.
  7513 | D:6      | Noticed Blork the orc
  7781 | D:6      | Noticed Menkaure
  7792 | D:6      | Killed Menkaure
  7793 | D:6      | Reached skill level 11 in Maces & Flails
  7793 | D:6      | Reached XP level 9. HP: 34/54 MP: 9/9
  8095 | D:6      | Killed Blork the orc
  8095 | D:6      | Reached **** piety under Okawaru
  8172 | D:6      | Noticed Duvessa
  8172 | D:6      | Noticed Dowan
  8193 | D:6      | Killed Duvessa
  8222 | D:6      | Killed Dowan
  8734 | D:6      | Noticed a troll
  8749 | D:6      | Slain by a troll

Illustrated notes

Levels and vault maps discovered:
D:1:      dpeg_arrival_caged_fury, layout_basic, basic_ecumenical_altar,
          moated_statue
D:2:      layout_loops_cross, minmay_misc_feat_doors,
          hangedman_decor_clover_reticule, uniq_sigmund
D:3:      layout_loops_ring, nicolae_overflow_crystal_walls,
          nicolae_dithmenos_the_darkroom, jmf_multi_god_temple,
          minmay_misc_feat_pillars, kennysheep_flooded_box
D:4:      layout_basic, grunt_temple_overflow_order_and_chaos_1, uniq_purgy
D:5:      layout_cave_pools, elyvilon_altar_1, minmay_temple_entry_mist,
          st_stairs_1
D:6:      layout_loops_ring, serial_co_window_serial, co_window_paths_a,
          co_window_corner_a, co_window_paths_b, co_window_of_opportunity_a,
          co_window_corner_a, co_window_paths_c, co_window_corner_ca,
          co_window_corner_cb, glass_columns_b, glass_columns_a,
          glass_columns_a, glass_columns_a, glass_columns_b, uniq_blork_the_orc,
          uniq_menkaure, uniq_duvessa
Temple:   eino_wide_crystal_templ

Skill      XL: |  1  2  3  4  5  6  7  8 |
---------------+-------------------------+-----
Maces & Flails | 4 5 7 8 11 | 11.5
Fighting       | 4 5 |  5.0
Dodging        | |  2.4
Stealth        | |  2.1

Action                   |  1- 3 |  4- 6 |  7- 9 || total
-------------------------+-------+-------+-------++-------
Melee: Mace              |   132 |   140 |   311 ||   583
Invok: Heroism           |       |       |     1 ||     1
Evoke: Wand              |       |       |     2 ||     2
  Use: Scroll            |       |     1 |     1 ||     2
 Stab: Sleeping          |     7 |     1 |     4 ||    12
Armor: Robe              |    66 |       |       ||    66
       Leather armour    |     6 |    65 |   154 ||   225
       Troll leather arm |       |       |     7 ||     7
Dodge: Dodged            |   117 |    99 |   187 ||   403

Table legend: (Time is in decaauts)
 A = Elapsed time spent in this place.
 B = Non-inter-level travel time spent in this place.
 C = Inter-level travel time spent in this place.
 D = Time resting spent in this place.
 E = Time spent auto-exploring this place.
 F = Levels seen in this place.
 G = Mean time per level.
                   A        B        C        D        E       F      G
               +--------+--------+--------+--------+--------+-----+--------+
         Total |   8786 |   8296 |    490 |   2354 |   4617 |   7 | 1255.1 |
       Dungeon |   8727 |   8265 |    462 |   2354 |   4595 |   6 | 1454.5 |
        Temple |     58 |     30 |     28 |      0 |     22 |   1 |   58.0 |
               +--------+--------+--------+--------+--------+-----+--------+

Top non-repeatable levels by time:
     D:1: 1777 daAuts
     D:4: 1672 daAuts
     D:5: 1513 daAuts
     D:3: 1280 daAuts
     D:6: 1278 daAuts
     D:2: 1205 daAuts
  Temple: 58 daAuts
